 Seeded DCSS version 0.30-a0-364-gf6b3ef1049 (webtiles) character file.

Game seed: 14178121699228461402 (custom seed)

79588 purpskrrrp the Skirmisher (level 15, -14/116 (119) HPs)
             Began as a Gnoll Hunter on Nov 14, 2022.
             Was an Initiate of Gozag.
             Killed from afar by an orc sorcerer (24 damage)
             ... with a bolt of fire
             ... on level 2 of the Orcish Mines.
             The game lasted 01:01:59 (25508 turns).

purpskrrrp the Skirmisher (Gnoll Hunter)           Turns: 25508, Time: 01:02:00

HP:   -14/116 (119) AC: 19    Str:  9    XL:     15   Next: 64%
MP:   27/29         EV: 19    Int: 13    God:    Gozag
Gold: 4027          SH:  0    Dex: 28    Spells: 21/35 levels left

rFire   . . .      SeeInvis .    A - +4 demon blade (drain)
rCold   + . .      Faith    .    (no shield)
rNeg    . . .      Spirit   .    R - +2 ring mail {rPois}
rPois   +          Reflect  .    l - +2 helmet
rElec   .          Harm     .    n - +0 cloak
rCorr   .          Rampage  +    t - +2 pair of gloves
Will    +....      Clarity  +    I - +0 pair of boots {rampage}
Stlth   +++++..... Rnd*Tele +    m - amulet of Ittim {RegenMP Int+4 Slay+2}
HPRegen 0.39/turn                v - +6 ring of dexterity
MPRegen 0.61/turn                q - +4 ring of slaying

@: wereblooded, on blink cooldown, studying Axes, lightly drained
A: fangs 1, strong nose, distributed training, clarity, cold resistance 1,
teleportitis 1, weak 1
a: Renounce Religion, Potion Petition, Call Merchant, Bribe Branch


You were on level 2 of the Orcish Mines.
You worshipped Gozag.
Gozag was most pleased with you.
You visited 3 branches of the dungeon, and saw 21 of its levels.
You also visited: Bailey and Gauntlet.

You collected 6515 gold pieces.
You spent 1481 gold pieces at shops.
You paid 1007 gold pieces to Gozag.

Inventory:

Hand Weapons
 a - a +1 shortbow of flaming
 c - a +2 longbow of flaming
 k - a +1 great sword of holy wrath
 w - the +5 dagger of Ygevus {venom, Dex+2 Stlth+}
   (You found it on level 5 of the Dungeon)

   It poisons the flesh of those it strikes.
   Dex:       It affects your dexterity (+2).
   Stlth:     It makes you more stealthy.
 A - a +4 demon blade of draining (weapon)
 G - the +2 scimitar of Dishonour {venom, Dex+4}
   (You found it on level 9 of the Dungeon)

   It poisons the flesh of those it strikes.
   Dex:       It affects your dexterity (+4).
Missiles
 P - 4 throwing nets
Armour
 l - a +2 helmet (worn)
 n - a +0 cloak (worn)
 t - a +2 pair of gloves (worn)
 z - the +3 chain mail "Quik" {Dex+4}
   (You found it in a Gauntlet)

   Dex:       It affects your dexterity (+4).
 C - the +4 robe of the Bequeathed Marlin {rElec rN+++ Will- Dex-2}
   (You took it off a minotaur in a Gauntlet)

   Dex:       It affects your dexterity (-2).
   rElec:     It insulates you from electricity.
   rN:        It renders you almost immune to negative energy.
   Will:      It decreases your willpower.
 I - a +0 pair of boots of rampaging (worn)
 R - a +2 ring mail of poison resistance (worn)
 Z - a +1 chain mail of positive energy
Jewellery
 e - an amulet of guardian spirit
 g - a ring of protection from cold
 m - the amulet of Ittim (around neck) {RegenMP Int+4 Slay+2}
   (You took it off an orc warlord in a bailey)

   [amulet of magic regeneration]

   It increases your rate of magic regeneration.
   Int:       It affects your intelligence (+4).
   Slay:      It affects your accuracy & damage with ranged weapons and melee
   (+2).
 q - a +4 ring of slaying (right hand)
 u - a +6 ring of dexterity
 v - a +6 ring of dexterity (left hand)
 B - a ring of see invisible
 F - a ring of positive energy
 N - a ring of ice
 T - a ring of willpower
 U - a ring of magical power
 V - a ring of magical power
Wands
 d - a wand of roots (15)
 i - a wand of polymorph (13)
 y - a wand of quicksilver (2)
 D - a wand of mindburst (4)
 E - a wand of paralysis (8)
 J - a wand of digging (4)
 Q - a wand of flame (10)
Scrolls
 b - a scroll of teleportation
 f - 2 scrolls of silence
 o - 2 scrolls of amnesia
 p - 3 scrolls of magic mapping
 H - a scroll of butterflies
 S - 6 scrolls of identify
 W - a scroll of summoning {unknown}
Potions
 h - 4 potions of magic
 j - 4 potions of lignification
 r - a potion of haste
 s - 3 potions of flight
 x - 4 potions of brilliance
 K - a potion of resistance
 O - 2 potions of heal wounds


   Skills:
 + Level 11.4 Fighting
 + Level 10.5 Short Blades
 + Level 10.5 Long Blades
 + Level 12.0 Axes
 + Level 10.5 Maces & Flails
 + Level 10.5 Polearms
 + Level 10.5 Staves
 + Level 13.3 Ranged Weapons
 + Level 10.5 Throwing
 + Level 10.5 Armour
 + Level 11.4 Dodging
 + Level 10.7 Stealth
 + Level 10.5 Shields
 + Level 10.5 Unarmed Combat
 + Level 10.5 Spellcasting
 + Level 8.8 Conjurations
 + Level 8.8 Hexes
 + Level 8.8 Summonings
 + Level 8.8 Necromancy
 + Level 8.8 Translocations
 + Level 8.8 Transmutations
 + Level 8.8 Fire Magic
 + Level 8.8 Ice Magic
 + Level 8.8 Air Magic
 + Level 8.8 Earth Magic
 + Level 8.8 Poison Magic
 + Level 11.4 Invocations
 + Level 10.5 Evocations


You had 21 spell levels left.
You knew the following spells:

 Your Spells              Type           Power      Damage    Failure   Level
a - Confusing Touch       Hex            29%        N/A       1%          3
b - Tukima's Dance        Hex            29%        N/A       1%          3
c - Cause Fear            Hex            14%        N/A       6%          4
d - Blink                 Tloc           58%        N/A       1%          2
e - Wereblood             Tmut           29%        N/A       1%          2

Your spell library contained the following spells:

 Spells                   Type           Power      Damage    Failure   Level
 Beastly Appendage        Tmut           58%        N/A       1%          1
 Slow                     Hex            100%       N/A       1%          1
 Momentum Strike          Conj/Tloc      58%        3d9       1%          2
 Static Discharge         Conj/Air       58%        2-5/arc   1%          2
 Lesser Beckoning         Tloc           58%        N/A       1%          3
 Spider Form              Tmut/Pois      29%        N/A       1%          3
 Vampiric Draining        Necr           29%        2d8       1%          3
 Vhi's Electric Charge    Tloc/Air       58%        N/A       1%          3
 Passage of Golubria      Tloc           29%        N/A       6%          4
 Arcjolt                  Conj/Air       14%        1d24      17%         5
 Lightning Bolt           Conj/Air       14%        1d28      17%         5
 Yara's Violent Unravell  Hex/Tmut       14%        3d7       17%         5
 Dragon Form              Tmut           14%        N/A       99%         7
 Dragon's Call            Summ           14%        N/A       100%        9


Dungeon Overview and Level Annotations

Branches:
Dungeon (14/15)            Temple (0/1) D:5            Lair (5/5) D:10
  Swamp (0/4) Lair:2       Spider (0/4) Lair:2        Slime (0/5) Lair:5
    Orc (2/2) D:9             Elf (0/3) Orc:2        Bailey (visited)
Gauntlet (visited)
 Vaults: D:13-14

Altars:
Ashenzari
Dithmenos
Elyvilon
Gozag
Hepliaklqana
Kikubaaqudgha
Makhleb
Nemelex Xobeh
Okawaru
Xom
The Shining One

Shops:
D:3 =   D:4 :   D:5 (   D:8 !   D:12 =[   Orc:2 [!(

Annotations:
D:12 3 runed translucent doors, valliere's ghost, journeyman OpFi


Innate Abilities, Weirdness & Mutations

You have very sharp teeth.
Your uncanny sense of smell can sniff out nearby items.
Your experience applies equally to all skills.
You possess an exceptional clarity of mind.
Your flesh is cold resistant. (rC+)
You are occasionally teleported next to monsters.
You are weak. (Str -2)


Message History

You are too injured to fight recklessly!
You are too injured to fight recklessly!
You are too injured to fight recklessly!
You are too injured to fight recklessly!
You are too injured to fight recklessly!
You are too injured to fight recklessly!
You are too injured to fight recklessly!
You are too injured to fight recklessly!
You are too injured to fight recklessly!
You are too injured to fight recklessly!
You are too injured to fight recklessly!
You are too injured to fight recklessly!
You are too injured to fight recklessly!
You are too injured to fight recklessly!
You are too injured to fight recklessly!
You are too injured to fight recklessly!
Okay, then.
The orc knight attacks as you move away!
The orc knight hits you but does no damage.
You howl as the wereblood boils in your veins!
The orc priest is no longer distracted by gold.
The neqoxec gestures at you.
Something tries to feed on your intellect!
The orc priest calls down the wrath of Beogh upon you.
Beogh smites you!
* * * LOW HITPOINT WARNING * * *
The orc sorcerer yells repeatedly.
Items here: $ )) [.
Casting: Wereblood (safe; 1% risk of failure)
Confirm with . or Enter, or press ? or * to list all spells.
You blink.
Found Holeotup's Distillery.
The orc warrior no longer looks unusually strong. x2
The orc wizard is no longer distracted by gold.
The orc sorcerer no longer looks unusually strong. x3
The orc knight no longer looks unusually strong.
The soul eater draws from the surrounding life force!
The orc sorcerer gestures at you while chanting.
The bolt of fire hits something!
The bolt of fire hits you!!
You die...
Your body crumbles into a pile of gold. ...####.####... #... #####.# ## #... #...#.# ..# #... ### ....#§#o... #... ##.#### ..o#3#oo.. #... #...#.## ##ooooooo##

##.. ##.#...# ##..oo.oo..# ##.
.......# #..#..o{oo.o4..# ##..
.......# #......@3o....... #.#.
.......# #..##.........##. #...
#....### ...##.....##. #.#.
.....#.# ##∩. .##.##...∩ #...
.......# # . .. ∩# #... .....#.#
## ### # #...
....##########################...
..#.####.........................
.....##.#....)...................


You could see 4 orc knights, a soul eater (summoned), 2 orc high priests, an
orange demon (summoned), a neqoxec (summoned), 4 orc sorcerers, 4 orc warriors,
4 orc priests and 2 orc wizards.

Vanquished Creatures
  An orc warlord (Bailey)
  Nessos (D:13)
  A minotaur (Gauntlet)
  Fannar (D:10)
  A hydra (Lair:5)
  An alligator (Lair:4)
  A centaur warrior (D:13)
  The ghost of brouguemayhem the Fighter, a novice MiBe of Trog (D:9)
  3 catoblepae (Lair:5)
  A boulder beetle (Lair:3)
  10 death yaks
  A tengu warrior (D:13)
  2 two-headed ogres
  An orc high priest (Orc:2)
  The ghost of bchevrier the Prestidigitator, a novice GnWn of Trog (D:9)
  4 sixfirhies (Gauntlet)
  The ghost of pokeman the Thaumaturge, a novice DEHW of Vehumet (D:9)
  2 goliath frogs (Lair:4)
  3 swamp dragons (Lair:4)
  Pikel (D:6)
  2 orc knights
  A deep elf pyromancer (D:12)
  A necromancer (Gauntlet)
  2 orc sorcerers (Orc:2)
  4 cyclopes
  2 manticores (Lair:5)
  2 black mambas
  9 elephants (Lair:3)
  A gargoyle (D:12)
  A torpor snail (Lair:4)
  Maggie (D:6)
  6 cane toads
  4 kobold demonologists
  An unseen horror (D:11)
  A tengu conjurer (D:13)
  5 komodo dragons
  3 trolls
  2 polar bears
  2 tyrant leeches (Lair:4)
  19 blink frogs
  2 hornets (D:8)
  13 slime creatures
  2 jumping spiders (Lair:2)
  2 culicivoras (Lair:2)
  2 shadows
  2 wraiths
  4 water elementals (D:12)
  A human (shapeshifter) (D:13)
  62 yaks
  4 wyverns
  3 basilisks
  A steam dragon (D:9)
  5 redbacks (Lair:2)
  A swamp worm (Lair:4)
  17 vampire mosquitoes
  2 wargs (Orc:2)
  A warg (shapeshifter) (D:13)
  2 acid dragons
  10 water moccasins
  A black bear (D:7)
  21 orc warriors
  An ice beast (D:5)
  8 ogres
  6 wolves (Lair:3)
  12 centaurs
  2 phantoms
  2 lemures (D:6)
  3 kobold brigands
  11 bullfrogs
  A gnoll sergeant (D:11)
  2 scorpions (D:5)
  5 wights (D:10)
  16 killer bees
  4 howler monkeys
  10 electric eels
  A crimson imp (D:3)
  10 orc priests
  A gnoll bouda (D:6)
  5 hounds
  4 jellies
  4 iguanas
  10 orc wizards
  Robin (D:4)
  26 gnolls
  6 adders
  5 white imps
  An ufetubus (D:7)
  A worm (D:4)
  2 dart slugs
  47 orcs
  4 bats
  7 endoplasms
  3 giant cockroaches
  27 goblins
  15 hobgoblins
  7 jackals
  10 kobolds
  2 quokkas (D:1)
  5 ball pythons
  14 frilled lizards
  3 goblin skeletons (D:3)
  A goblin zombie (D:3)
  2 hobgoblin zombies (D:3)
  2 kobold skeletons (D:3)
  2 kobold zombies (D:3)
  4 rats
580 creatures vanquished.

Vanquished Creatures (others)
  A goblin (D:4)
  4 kobolds (D:9)
  20 fungi
  45 plants
  4 withered plants (D:9)
74 creatures vanquished.

Grand Total: 654 creatures vanquished

Notes
Turn   | Place    | Note
-------+----------+-------------------------------------------
     0 | D:1      | purpskrrrp the Gnoll Hunter began the quest for the Orb.
     0 | D:1      | Reached XP level 1. HP: 20/20 MP: 1/1
    63 | D:1      | Reached XP level 2. HP: 26/26 MP: 2/2
   290 | D:1      | Reached XP level 3. HP: 31/31 MP: 3/3
   589 | D:1      | Reached skill level 1 in Invocations
   684 | D:2      | Reached skill level 1 in Short Blades
   684 | D:2      | Reached skill level 1 in Long Blades
   684 | D:2      | Reached skill level 1 in Axes
   684 | D:2      | Reached skill level 1 in Maces & Flails
   684 | D:2      | Reached skill level 1 in Polearms
   684 | D:2      | Reached skill level 1 in Staves
   684 | D:2      | Reached skill level 1 in Throwing
   684 | D:2      | Reached skill level 1 in Armour
   684 | D:2      | Reached skill level 1 in Shields
   684 | D:2      | Reached skill level 1 in Unarmed Combat
   684 | D:2      | Reached skill level 1 in Spellcasting
   684 | D:2      | Reached skill level 1 in Evocations
   764 | D:2      | Reached XP level 4. HP: 38/38 MP: 5/5
  1131 | D:2      | Reached skill level 1 in Conjurations
  1131 | D:2      | Reached skill level 1 in Hexes
  1131 | D:2      | Reached skill level 1 in Summonings
  1131 | D:2      | Reached skill level 1 in Necromancy
  1131 | D:2      | Reached skill level 1 in Translocations
  1131 | D:2      | Reached skill level 1 in Transmutations
  1131 | D:2      | Reached skill level 1 in Fire Magic
  1131 | D:2      | Reached skill level 1 in Ice Magic
  1131 | D:2      | Reached skill level 1 in Air Magic
  1131 | D:2      | Reached skill level 1 in Earth Magic
  1131 | D:2      | Reached skill level 1 in Poison Magic
  1442 | D:3      | Found Ceythrujet's Jewellery Shop.
  1522 | D:3      | Found a glowing golden altar of the Shining One.
  1594 | D:3      | Reached XP level 5. HP: 43/43 MP: 5/7
  2182 | D:4      | Noticed Robin
  2220 | D:4      | Reached XP level 6. HP: 19/50 MP: 5/8
  2236 | D:4      | Killed Robin
  2404 | D:4      | Found an opulent altar of Gozag.
  2416 | D:4      | Reached skill level 5 in Fighting
  2416 | D:4      | Reached skill level 5 in Dodging
  2474 | D:4      | Became a worshipper of Gozag Ym Sagoz the Greedy
  2511 | D:4      | Found a hazy altar of Hepliaklqana.
  2512 | D:4      | Found a shimmering altar of Xom.
  2513 | D:4      | Noticed a spectral ugly thing
  2844 | D:4      | Found Yqolufe's Book Shop.
  3107 | D:4      | Reached XP level 7. HP: 21/56 MP: 2/10
  3500 | D:5      | Entered Level 5 of the Dungeon
  3532 | D:5      | Reached skill level 9 in Ranged Weapons
  3768 | D:5      | Identified the +0 robe "Wyriopao" {Int+3 Stlth+}
  3894 | D:5      | Reached XP level 8. HP: 48/63 MP: 12/12
  3934 | D:3      | Bought a +6 ring of dexterity for 360 gold pieces
  4000 | D:5      | Found a staircase to the Ecumenical Temple.
  4014 | D:5      | Found a sparkling altar of Nemelex Xobeh.
  4037 | D:5      | Found Tyorgh's Weapon Shop.
  4046 | D:5      | Identified the +5 dagger of Ygevus {venom, Dex+2 Stlth+}
  4588 | D:6      | Noticed Maggie
  4604 | D:6      | Killed Maggie
  4754 | D:6      | Noticed Pikel
  4824 | D:6      | Killed Pikel
  4825 | D:6      | Reached XP level 9. HP: 40/69 MP: 7/15
  5436 | D:6      | Found a shadowy altar of Dithmenos.
  5526 | D:7      | Reached skill level 5 in Stealth
  5808 | D:7      | Reached skill level 5 in Invocations
  5842 | D:7      | Found a broken altar of Ashenzari.
  5936 | D:7      | Found a burning altar of Makhleb.
  5937 | D:7      | Found an ancient bone altar of Kikubaaqudgha.
  6050 | D:7      | Found a white marble altar of Elyvilon.
  6368 | D:8      | Found Warrimee's Distillery.
  6648 | D:8      | Noticed a hornet
  6658 | D:8      | Killed a hornet
  6675 | D:8      | Reached skill level 5 in Short Blades
  6675 | D:8      | Reached skill level 5 in Long Blades
  6675 | D:8      | Reached skill level 5 in Axes
  6675 | D:8      | Reached skill level 5 in Maces & Flails
  6675 | D:8      | Reached skill level 5 in Polearms
  6675 | D:8      | Reached skill level 5 in Staves
  6675 | D:8      | Reached skill level 5 in Throwing
  6675 | D:8      | Reached skill level 5 in Armour
  6675 | D:8      | Reached skill level 5 in Shields
  6675 | D:8      | Reached skill level 5 in Unarmed Combat
  6675 | D:8      | Reached skill level 5 in Spellcasting
  6675 | D:8      | Reached skill level 5 in Evocations
  6675 | D:8      | Reached XP level 10. HP: 31/77 MP: 4/17
  7286 | D:8      | Reached skill level 10 in Ranged Weapons
  8734 | D:9      | Found a staircase to the Orcish Mines.
  8790 | D:9      | Found a runed translucent gate.
  8797 | D:9      | Found a runed translucent gate.
  8797 | D:9      | Found a runed translucent gate.
  8798 | D:9      | Noticed bchevrier's ghost (novice GnWn)
  8798 | D:9      | Noticed pokeman's ghost (novice DEHW)
  8799 | D:9      | Noticed brouguemayhem's ghost (novice MiBe)
  8803 | D:9      | Identified the +2 scimitar of Dishonour {venom, Dex+4}
  8897 | D:9      | Identified the +0 ring mail "Fuall" {Dex+3}
  9298 | D:10     | Entered Level 10 of the Dungeon
  9361 | D:10     | Found a flagged portal.
  9377 | Bailey   | Entered a bailey
  9473 | Bailey   | Noticed an orc knight
  9492 | Bailey   | Killed an orc knight
  9493 | Bailey   | Reached skill level 5 in Conjurations
  9493 | Bailey   | Reached skill level 5 in Hexes
  9493 | Bailey   | Reached skill level 5 in Summonings
  9493 | Bailey   | Reached skill level 5 in Necromancy
  9493 | Bailey   | Reached skill level 5 in Translocations
  9493 | Bailey   | Reached skill level 5 in Transmutations
  9493 | Bailey   | Reached skill level 5 in Fire Magic
  9493 | Bailey   | Reached skill level 5 in Ice Magic
  9493 | Bailey   | Reached skill level 5 in Air Magic
  9493 | Bailey   | Reached skill level 5 in Earth Magic
  9493 | Bailey   | Reached skill level 5 in Poison Magic
  9497 | Bailey   | Reached XP level 11. HP: 84/85 MP: 18/20
  9542 | Bailey   | Identified the amulet of Ittim {RegenMP Int+4 Slay+2}
  9542 | Bailey   | Noticed an orc warlord
  9557 | Bailey   | Killed an orc warlord
 10047 | D:10     | Identified the +1 ring mail "Denlibyg" {Str+4}
 10057 | D:10     | Noticed Fannar
 10066 | D:10     | Killed Fannar
 10506 | D:10     | Found a staircase to the Lair.
 10842 | D:11     | Noticed a cyclops
 10850 | D:11     | Killed a cyclops
 11412 | D:11     | Identified the +2 quarterstaff of the Final Decision {vamp,
                  | rElec rCorr}
 12103 | D:12     | Reached skill level 11 in Ranged Weapons
 12391 | D:12     | Reached XP level 12. HP: 59/94 MP: 22/22
 12979 | D:12     | Found a runed translucent gate.
 12979 | D:12     | Found a runed translucent gate.
 12979 | D:12     | Found a runed translucent gate.
 13484 | D:12     | Noticed valliere's ghost (journeyman OpFi)
 13561 | D:12     | Reached XP level 13. HP: 101/101 MP: 23/25
 13564 | D:12     | Gained mutation: Your spells are a little easier to cast,
                  | but a little less powerful. [potion of mutation]
 13564 | D:12     | Gained mutation: Your muscles are strong. (Str +4, Int/Dex
                  | -1) [potion of mutation]
 13564 | D:12     | Gained mutation: You are dopey. (Int -2) [potion of
                  | mutation]
 13564 | D:12     | Gained mutation: Your muscles are very strong. (Str +8,
                  | Int/Dex -2) [potion of mutation]
 13569 | D:12     | Learned a level 3 spell: Confusing Touch
 13599 | D:12     | Bought a pair of embroidered boots for 285 gold pieces
 13599 | D:12     | Bought a slimy leather armour for 266 gold pieces
 13599 | D:12     | Identified the +1 leather armour of Resourcefulness {rF+}
                  | (You bought it in a shop on level 12 of the Dungeon)
 13604 | D:12     | Bought a glowing chain mail for 285 gold pieces
 13604 | D:12     | Bought a glowing chain mail for 285 gold pieces
 13629 | D:12     | Lost mutation: You are dopey. (Int -2) [potion of mutation]
 13629 | D:12     | Lost mutation: Your spells are a little easier to cast, but
                  | a little less powerful. [potion of mutation]
 13629 | D:12     | Lost mutation: Your muscles are very strong. (Str +8,
                  | Int/Dex -2) [potion of mutation]
 13629 | D:12     | Gained mutation: You expend magic power (3 MP) to
                  | strengthen your wands. [potion of mutation]
 13629 | D:12     | Gained mutation: You are covered in fur. (AC +1) [potion of
                  | mutation]
 13704 | D:13     | Noticed Nessos
 13834 | D:13     | Killed Nessos
 14193 | D:13     | Identified the +0 robe of Disguise {Archmagi}
 15422 | D:9      | Killed bchevrier's ghost
 15423 | D:9      | Reached skill level 12 in Ranged Weapons
 15435 | D:9      | HP: 3/102 [brouguemayhem's ghost (16)]
 15669 | D:9      | Killed brouguemayhem's ghost
 15855 | D:9      | Learned a level 3 spell: Tukima's Dance
 15891 | D:9      | Killed pokeman's ghost
 15950 | Lair:1   | Entered Level 1 of the Lair of Beasts
 16019 | Lair:1   | Found a gate leading to a gauntlet.
 16058 | Gauntlet | Entered a Gauntlet
 16058 | Gauntlet | Found a transporter.
 16125 | Gauntlet | Found a transporter.
 16145 | Gauntlet | Found a transporter.
 16146 | Gauntlet | Found a transporter.
 16163 | Gauntlet | Found a transporter.
 16173 | Gauntlet | Found a runed translucent door.
 16177 | Gauntlet | Found a transporter.
 16181 | Gauntlet | Found a transporter.
 16184 | Gauntlet | Found a transporter.
 16207 | Gauntlet | Found a transporter.
 16226 | Gauntlet | Found a transporter.
 16230 | Gauntlet | Found a transporter.
 16236 | Gauntlet | Found a runed translucent door.
 16236 | Gauntlet | Found a runed translucent door.
 16241 | Gauntlet | Found a transporter.
 16368 | Gauntlet | Reached skill level 10 in Fighting
 16368 | Gauntlet | Reached skill level 10 in Dodging
 16368 | Gauntlet | Reached XP level 14. HP: 98/110 MP: 26/26
 16387 | Gauntlet | Identified the +3 chain mail "Quik" {Dex+4}
 16614 | Gauntlet | Identified the +4 robe of the Bequeathed Marlin {rElec
                  | rN+++ Will- Dex-2}
 16767 | Gauntlet | Identified the -2 barding "Ymanyaq" {Fly rC+ MP+9 Str+2}
 17108 | Lair:1   | Reached skill level 10 in Invocations
 17766 | Lair:2   | Found a staircase to the Swamp.
 18133 | Lair:2   | Reached skill level 10 in Axes
 18471 | Lair:2   | Found a hole to the Spider Nest.
 19492 | Lair:3   | Reached skill level 10 in Stealth
 20250 | Lair:4   | Identified the +1 scale mail of Ygheqigu {-Cast rElec rC+}
 20611 | Lair:4   | Reached XP level 15. HP: 107/117 MP: 28/28
 20816 | Lair:3   | Learned a level 4 spell: Cause Fear
 21348 | Lair:4   | Reached skill level 10 in Short Blades
 21348 | Lair:4   | Reached skill level 10 in Long Blades
 21348 | Lair:4   | Reached skill level 10 in Maces & Flails
 21348 | Lair:4   | Reached skill level 10 in Polearms
 21348 | Lair:4   | Reached skill level 10 in Staves
 21348 | Lair:4   | Reached skill level 10 in Throwing
 21348 | Lair:4   | Reached skill level 10 in Armour
 21348 | Lair:4   | Reached skill level 10 in Shields
 21348 | Lair:4   | Reached skill level 10 in Unarmed Combat
 21348 | Lair:4   | Reached skill level 10 in Spellcasting
 21348 | Lair:4   | Reached skill level 10 in Evocations
 21466 | Lair:4   | Reached skill level 13 in Ranged Weapons
 22163 | Lair:5   | Entered Level 5 of the Lair of Beasts
 22178 | Lair:5   | Found a staircase to the Slime Pits.
 22797 | Lair:5   | Lost mutation: You are covered in fur. (AC +1) [potion of
                  | mutation]
 22797 | Lair:5   | Lost mutation: Your muscles are strong. (Str +4, Int/Dex
                  | -1) [potion of mutation]
 22797 | Lair:5   | Lost mutation: You expend magic power (3 MP) to strengthen
                  | your wands. [potion of mutation]
 22797 | Lair:5   | Gained mutation: Your flesh is cold resistant. (rC+)
                  | [potion of mutation]
 22797 | Lair:5   | Gained mutation: You are occasionally teleported next to
                  | monsters. [potion of mutation]
 22797 | Lair:5   | Gained mutation: You are weak. (Str -2) [potion of
                  | mutation]
 22797 | Lair:5   | Gained mutation: You possess an exceptional clarity of
                  | mind. [potion of mutation]
 24144 | Lair:5   | Learned a level 2 spell: Blink
 24147 | Lair:5   | Learned a level 2 spell: Wereblood
 24275 | Orc:1    | Entered Level 1 of the Orcish Mines
 24414 | Orc:1    | Found an iron altar of Okawaru.
 24739 | Orc:2    | Entered Level 2 of the Orcish Mines
 24903 | Orc:2    | Found a staircase to the Elven Halls.
 25501 | Orc:2    | Found Jop Kore's Antique Weapon Shoppe.
 25501 | Orc:2    | Found Diud's Antique Armour Shoppe.
 25508 | Orc:2    | Found Holeotup's Distillery.
 25508 | Orc:2    | Killed from afar by an orc sorcerer

Illustrated notes

Levels and vault maps discovered:
D:1:      psy_arrival_fountain, layout_basic
D:2:      layout_basic
D:3:      layout_basic, nicolae_tso_besieged_by_evil, serial_shops, shop,
          corexii_leaking_fountain, nicolae_concentric_dashed_squares_wild
D:4:      layout_basic, regret_index_temple_of_mockery,
          mainiacjoe_overflow_tiny_flanked, serial_glass, glass_columns_a,
          glass_columns_a, serial_shops, nicolae_shop_waterfront, st_stairs_14,
          uniq_robin
D:5:      layout_gridville, mainiacjoe_overflow_paths,
          minmay_temple_entry_mini_moons, serial_shops,
          nicolae_shop_advertising_works [nicolae_subvault_shop_adworks],
          hangedman_decor_peaks_small, minmay_lizard_king
D:6:      layout_basic, marbit_many_paths, uniq_pikel, uniq_maggie
D:7:      layout_loops_ring, nicolae_ashenzari_skybound,
          overflow_temple_1_default, mainiacjoe_overflow_divided_tiny
D:8:      layout_cave_pods, serial_shops, shop, serial_bayou_lagoon_b
D:9:      layout_big_octagon, orc_0_dummy, gammafunk_ghost_cemetery,
          chequers_serial_rivers_marsh
D:10:     layout_irregular_city, lair_entry_dummy, enter_bailey_2, uniq_fannar
D:11:     layout_layer_cave
D:12:     layout_basic, gammafunk_ghost_necromancy
D:13:     layout_long_grid, serial_rivers, chequers_serial_rivers_micro_d,
          chequers_serial_rivers_room_b, chequers_serial_rivers_large_b,
          chequers_serial_rivers_micro_d, chequers_serial_rivers_micro_c,
          chequers_serial_rivers_room_b, uniq_nessos
D:14:     layout_basic, grunt_vaults_entry_tiered, ebering_dispersal_statue_hall
Lair:1:   layout_big_grid, gauntlet_entry_generic, grunt_megastairs_5,
          lemuel_fruit_fields
Lair:2:   layout_chaotic_city, minmay_swamp_entry_eels,
          nicolae_spider_entry_tight_spaces
Lair:3:   layout_loops_ring, nzn_sisyphean_effort
Lair:4:   onia_ninara_swampy_vault, layout_concentric_octagons
Lair:5:   evilmike_catoblepas_cave, layout_layer_cave, slime_entry_1,
          minivault_11, serial_bayou_pond_a, chequers_serial_rivers_micro_e
Orc:1:    layout_caves, okawaru_metal_pillars_1_2
Orc:2:    st_orc_elflike, layout_caves

Skill      XL: |  1  2  3  4  5  6  7  8  9 10 11 12 13 14 15 |
---------------+----------------------------------------------+-----
Invocations    | 1 2 3 4 5 6 7 8 9 10 11 | 11.4
Short Blades   | 1 2 3 4 5 6 7 8 9 10 | 10.5
Long Blades    | 1 2 3 4 5 6 7 8 9 10 | 10.5
Axes           | 1 2 3 4 5 6 7 8 9 10 12 | 12.0
Maces & Flails | 1 2 3 4 5 6 7 8 9 10 | 10.5
Polearms       | 1 2 3 4 5 6 7 8 9 10 | 10.5
Staves         | 1 2 3 4 5 6 7 8 9 10 | 10.5
Throwing       | 1 2 3 4 5 6 7 8 9 10 | 10.5
Armour         | 1 2 3 4 5 6 7 8 9 10 | 10.5
Shields        | 1 2 3 4 5 6 7 8 9 10 | 10.5
Unarmed Combat | 1 2 3 4 5 6 7 8 9 10 | 10.5
Spellcasting   | 1 2 3 4 5 6 7 8 9 10 | 10.5
Evocations     | 1 2 3 4 5 6 7 8 9 10 | 10.5
Conjurations   | 1 2 3 4 5 6 7 8 |  8.8
Hexes          | 1 2 3 4 5 6 7 8 |  8.8
Summonings     | 1 2 3 4 5 6 7 8 |  8.8
Necromancy     | 1 2 3 4 5 6 7 8 |  8.8
Translocations | 1 2 3 4 5 6 7 8 |  8.8
Transmutations | 1 2 3 4 5 6 7 8 |  8.8
Fire Magic     | 1 2 3 4 5 6 7 8 |  8.8
Ice Magic      | 1 2 3 4 5 6 7 8 |  8.8
Air Magic      | 1 2 3 4 5 6 7 8 |  8.8
Earth Magic    | 1 2 3 4 5 6 7 8 |  8.8
Poison Magic   | 1 2 3 4 5 6 7 8 |  8.8
Stealth        | 3 4 5 6 7 8 9 10 | 10.7
Fighting       | 5 6 7 8 9 10 11 | 11.4
Dodging        | 5 6 7 8 9 10 11 | 11.4
Ranged Weapons | 9 10 11 12 13 | 13.3

Action                   |  1- 3 |  4- 6 |  7- 9 | 10-12 | 13-15 || total
-------------------------+-------+-------+-------+-------+-------++-------
Melee: Dagger            |    10 |   251 |   163 |   119 |       ||   543
       Bite              |     2 |    41 |    29 |    42 |   128 ||   242
       Punch             |       |     7 |     7 |    27 |    68 ||   109
       Scimitar          |       |       |       |   281 |    60 ||   341
       Battleaxe         |       |       |       |    36 |       ||    36
       Great sword       |       |       |       |       |    79 ||    79
       Demon blade       |       |       |       |       |   704 ||   704
 Fire: Shortbow          |    67 |       |   104 |     8 |       ||   179
       Longbow           |       |       |       |       |    87 ||    87
 Cast: Confusing Touch   |       |       |       |       |     4 ||     4
       Wereblood         |       |       |       |       |     5 ||     5
       Blink             |       |       |       |       |     1 ||     1
Invok: Call Merchant     |       |       |       |       |     2 ||     2
Evoke: Wand              |       |       |       |     7 |     3 ||    10
  Use: Scroll            |       |    11 |     8 |    14 |     8 ||    41
       Potion            |       |     3 |     1 |     8 |    12 ||    24
 Stab: Sleeping          |     4 |     6 |    10 |     9 |    10 ||    39
       Distracted        |       |       |     3 |     5 |    17 ||    25
       Paralysed         |       |       |       |     7 |       ||     7
       Petrifying        |       |       |       |       |     1 ||     1
Armor: Leather armour    |     6 |    95 |    54 |    41 |       ||   196
       Ring mail         |       |       |       |    80 |   171 ||   251
       Chain mail        |       |       |       |       |   171 ||   171
Dodge: Dodged            |    15 |   206 |   195 |   464 |   699 ||  1579

Table legend: (Time is in decaauts)
 A = Elapsed time spent in this place.
 B = Non-inter-level travel time spent in this place.
 C = Inter-level travel time spent in this place.
 D = Time resting spent in this place.
 E = Time spent auto-exploring this place.
 F = Levels seen in this place.
 G = Mean time per level.
                   A        B        C        D        E       F      G
               +--------+--------+--------+--------+--------+-----+--------+
         Total |  25542 |  24072 |   1470 |   4497 |  14682 |  23 | 1110.5 |
       Dungeon |  15481 |  14424 |   1057 |   2957 |   8673 |  14 | 1105.8 |
          Lair |   7504 |   7100 |    404 |   1337 |   4520 |   5 | 1500.8 |
  Orcish Mines |   1204 |   1196 |      8 |      0 |    984 |   2 |  602.0 |
        Bailey |    620 |    620 |      0 |    131 |    200 |   1 |  620.0 |
      Gauntlet |    731 |    731 |      0 |     72 |    305 |   1 |  731.0 |
               +--------+--------+--------+--------+--------+-----+--------+

Top non-repeatable levels by time:
  Lair:5: 1997 daAuts
  Lair:4: 1934 daAuts
     D:8: 1839 daAuts
    D:12: 1767 daAuts
     D:9: 1639 daAuts
  Lair:2: 1487 daAuts
    D:13: 1412 daAuts
  Lair:3: 1372 daAuts
     D:4: 1348 daAuts
    D:11: 1247 daAuts
    D:10: 1013 daAuts
     D:6: 990 daAuts
     D:3: 955 daAuts
     D:7: 888 daAuts
     D:5: 853 daAuts
